SNL (28 & UNDER)
GAINESVILLE GUIDOS @ BLACKIRON DRAGONS
05/28/2023
 
TOP OF THE 1ST
Gainesville Guidos batting - Pitching for BlackIron Dragons : RHP Foster Giles
Pitching: RHP Foster Giles
Batting: RHB Adrian Prouse 0-0: Called Strike
0-1: Ball
1-1: Ground out 5-3 (Groundball, 5)
Batting: RHB Noriyori Ine 0-0: Called Strike
0-1: Ball
1-1: Swinging Strike
1-2: Ball
2-2: Strikes out looking
Batting: LHB Sergio Barrón 0-0: Foul Ball, location: 2F
0-1: Called Strike
0-2: Foul Ball, location: 2F
0-2: Ball
1-2: Ground out 6-3 (Groundball, 6)
Top of the 1st over - 0 run(s), 0 hit(s), 0 error(s), 0 left on base; Gainesville 0 - BlackIron 0
BOTTOM OF THE 1ST
BlackIron Dragons batting - Pitching for Gainesville Guidos : LHP Bill Moore
Pitching: LHP Bill Moore
Batting: RHB Dallas Blair 0-0: SINGLE (Groundball, 5S)
Batting: RHB José Colón 0-0: Ball
1-0: Swinging Strike
1-1: Foul Ball, location: 2F
1-2: Strikes out swinging
Batting: RHB Robert Buckley 0-0: Ball
1-0: Called Strike
Dallas Blair is caught stealing 2nd base
1-1: Ball
2-1: Foul Ball, location: 2F
2-2: SINGLE (Line Drive, 8LS)
Batting: RHB Jonah Duncan 0-0: Ball
1-0: Ball
2-0: SINGLE (Line Drive, 6MD)
Robert Buckley to second
Batting: RHB Leroy Jamison 0-0: Foul Ball, location: 2F
0-1: Called Strike
0-2: Strikes out looking
Bottom of the 1st over - 0 run(s), 3 hit(s), 0 error(s), 2 left on base; Gainesville 0 - BlackIron 0
TOP OF THE 2ND
Gainesville Guidos batting - Pitching for BlackIron Dragons : RHP Foster Giles
Batting: LHB Ed Hart 0-0: SINGLE (Line Drive, 34D)
Batting: RHB Jason Saunders 0-0: Swinging Strike
0-1: Ball
1-1: Foul Ball, location: 2F
1-2: Ball
2-2: Fly out, F9 (Flyball, 89D)
Batting: RHB Satoru Daikawa 0-0: Ball
1-0: Ball
2-0: Foul Ball, location: 2F
2-1: Ball
3-1: Fly out, F8 (Flyball, 8RXD)
Batting: RHB Kurt Walter 0-0: Ball
1-0: Foul Ball, location: 2F
1-1: Swinging Strike
1-2: Strikes out swinging
Top of the 2nd over - 0 run(s), 1 hit(s), 0 error(s), 1 left on base; Gainesville 0 - BlackIron 0
BOTTOM OF THE 2ND
BlackIron Dragons batting - Pitching for Gainesville Guidos : LHP Bill Moore
Batting: RHB Edgardo Carrasco 0-0: Called Strike
0-1: Swinging Strike
0-2: Foul Ball, location: 2F
0-2: Strikes out swinging
Batting: RHB Kenneth Hilton 0-0: Ball
1-0: Ground out 4-3 (Groundball, 4)
Batting: RHB Phil Jacobs 0-0: Swinging Strike
0-1: Reached on error, E5 (Groundball, 56)
Batting: RHB Joaquín Rosales 0-0: Ball
1-0: Ball
2-0: Called Strike
2-1: Swinging Strike
2-2: SINGLE (Flyball, 78S)
Phil Jacobs to third
Runner from 3rd tries for Home, SAFE, no throw or cutoff
Batting: RHB Dallas Blair 0-0: Swinging Strike
0-1: Ball
1-1: SINGLE (Groundball, 25) (infield hit)
Joaquín Rosales to second
Batting: RHB José Colón 0-0: Swinging Strike
0-1: Ball
1-1: Ball
2-1: Swinging Strike
2-2: Strikes out swinging
Bottom of the 2nd over - 1 run(s), 2 hit(s), 1 error(s), 2 left on base; Gainesville 0 - BlackIron 1
TOP OF THE 3RD
Gainesville Guidos batting - Pitching for BlackIron Dragons : RHP Foster Giles
Batting: LHB Mark Owens 0-0: SINGLE (Groundball, 6MD)
Batting: SHB Reynaldo Gallegos 0-0: Ball
1-0: Ball
2-0: Ball
3-0: Base on Balls
Mark Owens to second
Batting: RHB Adrian Prouse 0-0: Grounds out, U3 (Groundball, 3L)
Mark Owens to third
Batting: RHB Noriyori Ine 0-0: Ball
1-0: Ball
2-0: Called Strike
2-1: Ball
3-1: Base on Balls
Batting: LHB Sergio Barrón 0-0: Called Strike
0-1: Called Strike
0-2: Ball
1-2: Foul Ball, location: 2F
1-2: Ball
2-2: Grounds into double play, 6-4-3 (Groundball, 6)
Top of the 3rd over - 0 run(s), 1 hit(s), 0 error(s), 2 left on base; Gainesville 0 - BlackIron 1
BOTTOM OF THE 3RD
BlackIron Dragons batting - Pitching for Gainesville Guidos : LHP Bill Moore
Batting: RHB Robert Buckley 0-0: Ball
1-0: SINGLE (Line Drive, 89S)
Batting: RHB Jonah Duncan 0-0: Ball
1-0: Foul Ball, location: 2F
1-1: Foul Ball, location: 2F
1-2: Foul Ball, location: 2F
1-2: Strikes out looking
Batting: RHB Leroy Jamison 0-0: SINGLE (Line Drive, 6D)
Robert Buckley to second
Batting: RHB Edgardo Carrasco 0-0: SINGLE (Line Drive, 78S)
Robert Buckley to third
Leroy Jamison to second
Runner from 3rd tries for Home, SAFE, throw made home
Batting: RHB Kenneth Hilton 0-0: Called Strike
0-1: Foul Ball, location: 2F
0-2: Foul Ball, location: 2F
0-2: Grounds into double play, 5-4-3 (Groundball, 5)
Bottom of the 3rd over - 1 run(s), 3 hit(s), 0 error(s), 1 left on base; Gainesville 0 - BlackIron 2
TOP OF THE 4TH
Gainesville Guidos batting - Pitching for BlackIron Dragons : RHP Foster Giles
Batting: LHB Ed Hart 0-0: Foul Ball, location: 2F
0-1: Ball
1-1: Foul Ball, location: 2F
1-2: Foul Ball, location: 2F
1-2: Fly out, F7 (Flyball, 78M)
Batting: RHB Jason Saunders 0-0: Foul Ball, location: 2F
0-1: Ball
1-1: Ball
2-1: SINGLE (Line Drive, 6MD)
Batting: RHB Satoru Daikawa 0-0: Ball
Jason Saunders steals 2nd base
1-0: Fly out, F7 (Line Drive, 7LM)
Batting: RHB Kurt Walter 0-0: Foul Ball, location: 2F
0-1: Ball
1-1: Ball
2-1: Ball
3-1: Base on Balls
Batting: LHB Mark Owens 0-0: Called Strike
0-1: Ball
1-1: Foul Ball, location: 2F
1-2: SINGLE (Line Drive, 34D)
Jason Saunders to third
Kurt Walter to second
Runner from 3rd tries for Home, SAFE, no throw or cutoff
Batting: SHB Reynaldo Gallegos 0-0: Ball
1-0: Called Strike
1-1: Foul Ball, location: 2F
1-2: Ball
2-2: Ball
3-2: SINGLE (Groundball, 34D)
Kurt Walter to third
Mark Owens to second
Kurt Walter scores
Mark Owens to third
Batting: RHB Adrian Prouse 0-0: Ball
1-0: Ball
Wild Pitch!
Mark Owens scores
Reynaldo Gallegos to second
2-0: Called Strike
2-1: Called Strike
2-2: Foul Ball, location: 2F
2-2: Ball
3-2: Base on Balls
Batting: RHB Noriyori Ine 0-0: Ball
1-0: SINGLE (Groundball, 13) (infield hit)
Reynaldo Gallegos to third
Adrian Prouse to second
Batting: LHB Sergio Barrón 0-0: Ball
1-0: Ball
2-0: Called Strike
2-1: Fly out, F7 (Flyball, 7M)
Top of the 4th over - 3 run(s), 4 hit(s), 0 error(s), 3 left on base; Gainesville 3 - BlackIron 2
BOTTOM OF THE 4TH
BlackIron Dragons batting - Pitching for Gainesville Guidos : LHP Bill Moore
Batting: RHB Phil Jacobs 0-0: Ball
1-0: Bunted foul
1-1: Foul Ball, location: 2F
1-2: SOLO HOME RUN (Flyball, 9D), Distance : 410 ft
Batting: RHB Joaquín Rosales 0-0: Foul Ball, location: 2F
0-1: Ground out 6-3 (Groundball, 6M)
Batting: RHB Dallas Blair 0-0: Fly out, F6 (Popup, 6M)
Batting: RHB José Colón 0-0: Ball
1-0: Ball
2-0: Ground out 1-3 (Groundball, 13)
Bottom of the 4th over - 1 run(s), 1 hit(s), 0 error(s), 0 left on base; Gainesville 3 - BlackIron 3
TOP OF THE 5TH
Gainesville Guidos batting - Pitching for BlackIron Dragons : RHP Foster Giles
Pitching: RHP Simón Amejorado
Batting: LHB Ed Hart 0-0: Fly out, F7 (Flyball, 78M)
Batting: RHB Jason Saunders 0-0: Called Strike
0-1: Ball
1-1: Called Strike
1-2: Strikes out swinging
Batting: RHB Satoru Daikawa 0-0: Foul Ball, location: 2F
0-1: Ball
1-1: Foul Ball, location: 2F
1-2: Strikes out swinging
Top of the 5th over - 0 run(s), 0 hit(s), 0 error(s), 0 left on base; Gainesville 3 - BlackIron 3
BOTTOM OF THE 5TH
BlackIron Dragons batting - Pitching for Gainesville Guidos : LHP Bill Moore
Batting: RHB Robert Buckley 0-0: Ball
1-0: Foul Ball, location: 2F
1-1: Ball
2-1: Foul Ball, location: 2F
2-2: Strikes out looking
Batting: RHB Jonah Duncan 0-0: Foul Ball, location: 2F
0-1: Ball
1-1: Called Strike
1-2: Ball
2-2: Ball
3-2: Ground out 4-3 (Groundball, 4M)
Batting: RHB Leroy Jamison 0-0: Swinging Strike
0-1: Ball
1-1: Swinging Strike
1-2: Ball
2-2: Strikes out looking
Bottom of the 5th over - 0 run(s), 0 hit(s), 0 error(s), 0 left on base; Gainesville 3 - BlackIron 3
TOP OF THE 6TH
Gainesville Guidos batting - Pitching for BlackIron Dragons : RHP Simón Amejorado
Batting: RHB Kurt Walter 0-0: Ball
1-0: Foul Ball, location: 2F
1-1: Foul Ball, location: 2F
1-2: Ball
2-2: Ball
3-2: Base on Balls
Batting: LHB Mark Owens 0-0: Called Strike
0-1: Ball
1-1: Ball
Wild Pitch!
Kurt Walter to second
2-1: Ball
3-1: SINGLE (Groundball, 6MS)
Kurt Walter to third
Runner from 3rd tries for Home, SAFE, no throw or cutoff
Batting: SHB Reynaldo Gallegos 0-0: Foul Ball, location: 2F
0-1: Fielders Choice at 2nd, 4-6 (Groundball, 4)
Batting: RHB Adrian Prouse 0-0: Ball
Reynaldo Gallegos steals 2nd base
1-0: Foul Ball, location: 2F
1-1: Foul Ball, location: 2F
1-2: Foul Ball, location: 2F
1-2: Foul Ball, location: 2F
1-2: 2-RUN HOME RUN (Flyball, 7D), Distance : 402 ft
Batting: RHB Noriyori Ine 0-0: Ball
1-0: Called Strike
1-1: Ball
2-1: Ball
3-1: Ground out 5-3 (Groundball, 5S)
Pitching: LHP Manny Luján
Batting: LHB Sergio Barrón 0-0: Called Strike
0-1: Ball
1-1: Called Strike
1-2: Foul Ball, location: 2F
1-2: Fly out, F8 (Flyball, 8LD)
Top of the 6th over - 3 run(s), 2 hit(s), 0 error(s), 0 left on base; Gainesville 6 - BlackIron 3
BOTTOM OF THE 6TH
BlackIron Dragons batting - Pitching for Gainesville Guidos : LHP Bill Moore
Batting: RHB Edgardo Carrasco 0-0: Called Strike
0-1: Swinging Strike
0-2: Foul Ball, location: 2F
0-2: Ball
1-2: Ball
2-2: Foul Ball, location: 2F
2-2: Ball
3-2: Foul Ball, location: 2F
3-2: SINGLE (Line Drive, 6M)
Batting: RHB Kenneth Hilton 0-0: Called Strike
0-1: Ball
1-1: Ball
2-1: Ball
3-1: Base on Balls
Edgardo Carrasco to second
Batting: RHB Phil Jacobs 0-0: Ball
1-0: Ball
2-0: Fly out, F8 (Flyball, 8RD)
Runner from 2nd tags up, SAFE at 3rd, no throw
Batting: RHB Joaquín Rosales 0-0: Ball
1-0: Ball
2-0: Swinging Strike
2-1: Called Strike
2-2: Foul Ball, location: 2F
2-2: Strikes out swinging
Pitching: LHP Pedro Flores
Batting: RHB Dallas Blair 0-0: Foul Ball, location: 2F
0-1: Ball
1-1: Swinging Strike
1-2: Ball
2-2: Ground out 6-3 (Groundball, 6)
Bottom of the 6th over - 0 run(s), 1 hit(s), 0 error(s), 2 left on base; Gainesville 6 - BlackIron 3
TOP OF THE 7TH
Gainesville Guidos batting - Pitching for BlackIron Dragons : LHP Manny Luján
Batting: LHB Ed Hart 0-0: Ball
1-0: Foul Ball, location: 2F
1-1: Ball
2-1: Foul Ball, location: 2F
2-2: Foul Ball, location: 2F
2-2: Foul Ball, location: 2F
2-2: Foul Ball, location: 2F
2-2: Foul Ball, location: 2F
2-2: Strikes out swinging
Batting: RHB Jason Saunders 0-0: Called Strike
0-1: Ball
1-1: SINGLE (Line Drive, 56)
Batting: RHB Satoru Daikawa 0-0: Ball
1-0: Ball
2-0: Foul Ball, location: 2F
2-1: Ball
3-1: SINGLE (Groundball, 56D) (infield hit)
Jason Saunders to second
Batting: RHB Kurt Walter 0-0: Called Strike
0-1: Foul Ball, location: 2F
0-2: Foul Ball, location: 2F
0-2: Strikes out swinging
Pitching: LHP Frederick Cesti
Batting: LHB Mark Owens 0-0: Ball
1-0: Called Strike
1-1: Ball
2-1: Foul Ball, location: 2F
2-2: Ball
3-2: DOUBLE (Flyball, 89XD)
Jason Saunders scores
Satoru Daikawa to third
Satoru Daikawa scores
Pitching: LHP José Gonzáles
Batting: SHB Reynaldo Gallegos 0-0: Ball
1-0: Swinging Strike
1-1: Called Strike
1-2: Ball
2-2: Ball
3-2: Strikes out looking
Top of the 7th over - 2 run(s), 3 hit(s), 0 error(s), 1 left on base; Gainesville 8 - BlackIron 3
BOTTOM OF THE 7TH
BlackIron Dragons batting - Pitching for Gainesville Guidos : LHP Pedro Flores
Batting: RHB José Colón 0-0: SINGLE (Groundball, 56D)
Batting: RHB Robert Buckley 0-0: Ball
1-0: Called Strike
1-1: Reached on error, E5 (Groundball, 56)
José Colón to second
Batting: RHB Jonah Duncan 0-0: Ball
1-0: Grounds into double play, 4-6-3 (Groundball, 34)
José Colón to third
Batting: RHB Leroy Jamison 0-0: Ball
1-0: Swinging Strike
1-1: Foul Ball, location: 2F
1-2: Foul Ball, location: 2F
1-2: Foul Ball, location: 2F
1-2: Foul Ball, location: 2F
1-2: Ball
2-2: Strikes out swinging
Bottom of the 7th over - 0 run(s), 1 hit(s), 1 error(s), 1 left on base; Gainesville 8 - BlackIron 3
TOP OF THE 8TH
Gainesville Guidos batting - Pitching for BlackIron Dragons : LHP José Gonzáles
Batting: RHB Adrian Prouse 0-0: Ball
1-0: Foul Ball, location: 2F
1-1: Ball
2-1: Ball
3-1: Base on Balls
Batting: RHB Noriyori Ine 0-0: Ball
Adrian Prouse steals 2nd base
1-0: Called Strike
1-1: Called Strike
Throwing error on steal attempt, E2
Adrian Prouse scores
1-2: SINGLE (Groundball, 34)
Batting: LHB Sergio Barrón 0-0: Called Strike
0-1: Ball
1-1: Ball
2-1: Ball
3-1: Foul Ball, location: 2F
3-2: Foul Ball, location: 2F
3-2: Ground out 1-3 (Groundball, 15)
Noriyori Ine to second
Batting: LHB Ed Hart 0-0: Called Strike
0-1: Ball
1-1: SINGLE (Line Drive, 7S)
Noriyori Ine to third
Runner from 3rd tries for Home, SAFE, no throw or cutoff
Batting: RHB Jason Saunders 0-0: Called Strike
0-1: Foul Ball, location: 2F
0-2: Strikes out swinging
Batting: RHB Satoru Daikawa 0-0: Swinging Strike
0-1: Called Strike
0-2: Ball
1-2: Ball
2-2: Foul Ball, location: 2F
2-2: Foul Ball, location: 2F
2-2: Strikes out swinging
Top of the 8th over - 2 run(s), 2 hit(s), 1 error(s), 1 left on base; Gainesville 10 - BlackIron 3
BOTTOM OF THE 8TH
BlackIron Dragons batting - Pitching for Gainesville Guidos : LHP Pedro Flores
Now at 3B: Fernando Mendoza
Batting: RHB Edgardo Carrasco 0-0: Ball
1-0: Called Strike
1-1: Ball
2-1: Called Strike
2-2: Ground out 6-3 (Groundball, 56)
Batting: RHB Kenneth Hilton 0-0: SINGLE (Groundball, 13) (infield hit)
Batting: RHB Phil Jacobs 0-0: Swinging Strike
0-1: Ball
1-1: Foul Ball, location: 2F
1-2: Foul Ball, location: 2F
1-2: Strikes out swinging
Batting: RHB Joaquín Rosales 0-0: Called Strike
0-1: DOUBLE (Line Drive, 5L)
Kenneth Hilton to third
Runner from 3rd tries for Home, SAFE, no throw or cutoff
Batting: RHB Dallas Blair 0-0: Ball
1-0: SINGLE (Flyball, 9LS)
Joaquín Rosales to third
Runner from 3rd tries for Home, SAFE, throw made home
Dallas Blair to second
Pitching: RHP Lance Sanders
Batting: RHB José Colón 0-0: Foul Ball, location: 2F
0-1: Ball
1-1: Foul Ball, location: 2F
1-2: Strikes out swinging
Bottom of the 8th over - 2 run(s), 3 hit(s), 0 error(s), 1 left on base; Gainesville 10 - BlackIron 5
TOP OF THE 9TH
Gainesville Guidos batting - Pitching for BlackIron Dragons : LHP José Gonzáles
Batting: RHB Kurt Walter 0-0: Called Strike
0-1: Ground out 6-3 (Groundball, 6)
Batting: LHB Mark Owens 0-0: Ball
1-0: Swinging Strike
1-1: Called Strike
1-2: Strikes out swinging
Batting: SHB Reynaldo Gallegos 0-0: Called Strike
0-1: Ball
1-1: Ball
2-1: SOLO HOME RUN (Line Drive, 7D), Distance : 428 ft
Batting: RHB Adrian Prouse 0-0: Ball
1-0: Ball
2-0: Called Strike
2-1: Ball
3-1: Called Strike
3-2: Foul Ball, location: 2F
3-2: Foul Ball, location: 2F
3-2: Base on Balls
Batting: RHB Noriyori Ine 0-0: Called Strike
0-1: Swinging Strike
0-2: Ball
Adrian Prouse steals 2nd base
1-2: Ball
2-2: Strikes out looking
Top of the 9th over - 1 run(s), 1 hit(s), 0 error(s), 1 left on base; Gainesville 11 - BlackIron 5
BOTTOM OF THE 9TH
BlackIron Dragons batting - Pitching for Gainesville Guidos : RHP Lance Sanders
Now in RF: António Hernández
Batting: RHB Robert Buckley 0-0: Ball
1-0: Ground out 6-3 (Groundball, 6M)
Batting: RHB Jonah Duncan 0-0: Ball
1-0: Foul Ball, location: 2F
1-1: Ball
2-1: Ball
3-1: SINGLE (Line Drive, 8LS)
Batting: RHB Leroy Jamison 0-0: Called Strike
0-1: Foul Ball, location: 2F
0-2: Ball
1-2: Foul Ball, location: 2F
1-2: Foul Ball, location: 2F
1-2: Fielders Choice at 2nd, 4-6 (Groundball, 4)
Batting: RHB Edgardo Carrasco 0-0: Ball
1-0: Ball
2-0: 2-RUN HOME RUN (Flyball, 7D), Distance : 415 ft
Batting: RHB Kenneth Hilton 0-0: Called Strike
0-1: Foul Ball, location: 2F
0-2: Ball
1-2: Strikes out swinging
Bottom of the 9th over - 2 run(s), 2 hit(s), 0 error(s), 0 left on base; Gainesville 11 - BlackIron 7
This league is powered by Out of the Park Baseball, the baseball management simulation game for PC, Mac and Linux
Wednesday, December 2nd, 2015 - OOTP Baseball 16.8 Build 38